 Dungeon Crawl Stone Soup version 0.31.0-9-g3a7656b989 (webtiles) character file.

Game seed: 1692557237622613683

7 qw the Shooter (level 1, -5/10 HPs)
             Began as a Spriggan Hunter on Feb 2, 2024.
             Slain by a gnoll
             ... wielding a +4 whip
              (9 damage)
             ... on level 1 of the Dungeon.
             The game lasted 00:00:00 (88 turns).

qw the Shooter (Spriggan Hunter)                      Turns: 88, Time: 00:00:00

Health: -5/10      AC:  2    Str:  7    XL:     1   Next: 91%
Magic:  2/2        EV: 18    Int: 10    God:
Gold:   0          SH:  0    Dex: 18    Spells: 0/0 levels left

rFire   . . .        a - +0 shortbow
rCold   . . .        (shield currently unavailable)
rNeg    . . .        c - +0 robe
rPois   .            (helmet restricted)
rElec   .            (no cloak)
rCorr   .            (gloves unavailable)
SInv    +            (boots unavailable)
Will    .....        (no amulet)
Stlth   ++           (no ring)
HPRegen 0.21/turn    (no ring)
MPRegen 0.08/turn

%: no passive effects
@: very quick
A: very small, no large weapons, unfitting armour, see invisible, speed 3
a: no special abilities


You were on level 1 of the Dungeon.
You visited 1 branch of the dungeon, and saw 1 of its levels.


Innate Abilities, Weirdness & Mutations

You are very small and have problems with some larger weapons.
You are too small for most types of armour.
You have supernaturally acute eyesight. (SInv)
You cover ground extremely quickly. (Speed+++)


   Skills:
 - Level 1.5 Fighting
 - Level 4.0 Ranged Weapons
 + Level 3.6 Dodging
 - Level 1.5 Stealth


You couldn't memorise any spells.
You didn't know any spells.
Your spell library was empty.

Inventory:

Hand Weapons
 a - a +0 shortbow (weapon)
Armour
 c - a +0 robe (worn)
Scrolls
 b - a scroll of butterflies
Potions
 d - 2 potions of mutation {unknown}

Dungeon Overview and Level Annotations

Branches:
Dungeon (1/15)

Altars:


Message History

The jackal is moderately wounded.
You shoot an arrow. The arrow hits the jackal.
You kill the jackal!
You see here 2 stones.
Found a stone staircase leading down.
A bat comes into view.
The bat moves out of view.
A bat is nearby!
You shoot an arrow. The arrow hits the bat.
You kill the bat!
Found a chain mail.
Found a war axe.
You see here a +0 war axe.
A frilled lizard comes into view.
You shoot an arrow.
The arrow hits the frilled lizard but does no damage.
The frilled lizard hisses angrily.
You shoot an arrow.
The arrow hits the frilled lizard but does no damage.
The frilled lizard bites you but does no damage.
You shoot an arrow. The arrow hits the frilled lizard!
You kill the frilled lizard!
A gnoll comes into view. It is wielding a +4 whip.
The gnoll shouts!
You shoot an arrow. The arrow hits the gnoll!
The gnoll is heavily wounded.
You shoot an arrow. The arrow hits the gnoll.
The gnoll is severely wounded.
You shoot an arrow.
The arrow hits the gnoll but does no damage.
The gnoll is severely wounded.
You shoot an arrow. The arrow closely misses the gnoll.
You shoot an arrow. The arrow closely misses the gnoll.
The gnoll hits you with a +4 whip.
Ouch! That really hurt!
You shoot an arrow. The arrow hits the gnoll.
The gnoll is almost dead.
The gnoll hits you with a +4 whip!
Ouch! That really hurt!
You die...

##
#.#.#
#.#.#
#.#.#
#.#
#)#
#.#
#.###
#...#
###@#
#g#
#.#
#.#
#.#
#.#
#.#
#.#


You could see a gnoll.

Vanquished Creatures
  A hobgoblin (D:1)
  2 jackals (D:1)
  2 ball pythons (D:1)
  A bat (D:1)
  A frilled lizard (D:1)
7 creatures vanquished.

Notes
Turn   | Place    | Note
-------+----------+-------------------------------------------
     0 | D:1      | qw the Spriggan Hunter began the quest for the Orb.
     0 | D:1      | Reached XP level 1. HP: 10/10 MP: 2/2
     0 | D:1      | 0 ||| qw: Version: 0.3-a-155-g5e7d8dd
     0 | D:1      | 0 ||| qw: Game counter: 858
     0 | D:1      | 0 ||| qw: Melee chars always use a shield: true
     0 | D:1      | 0 ||| qw: God list: Okawaru
     0 | D:1      | 0 ||| qw: Allow faded altars: false
     0 | D:1      | 0 ||| qw: Do Orc after clearing Dungeon:15 true
     0 | D:1      | 0 ||| qw: Do second Lair branch before Depths: true
     0 | D:1      | 0 ||| qw: Lair rune preference: random
     0 | D:1      | 0 ||| qw: Goals: Normal
     0 | D:1      | 0 ||| PLANNING D:1-11
     9 | D:1      | Reached skill level 3 in Dodging
    88 | D:1      | Slain by a gnoll

Levels and vault maps discovered:
D:1:      minmay_arrival_radiant_lines, layout_loops_ring,
          shapermc_ecumenical_altar_starsandcircs, minmay_cupped

Skill      XL: |  1 |
---------------+----+-----
Dodging        | 3 |  3.6
Fighting       | |  1.5
Ranged Weapons | |  4.0
Stealth        | |  1.5

Action                     || total
---------------------------++-------
   Fire: Shortbow          ||    19
 Armour: Robe              ||     3

Table legend:
 A = Non-vault XP
 B = Vault XP
 C = Vault XP percentage of total XP
 D = Non-vault monster count
 E = Vault monster count
 F = Vault count percentage of total count
                 A         B        C        D         E       F
            +---------+---------+-------+---------+---------+-------
      Total |      11 |       0 |   0.0 |       7 |       0 |   0.0
            +---------+---------+-------+---------+---------+-------
        D:1 |      11 |       0 |   0.0 |       7 |       0 |   0.0
            +---------+---------+-------+---------+---------+-------
